 Dungeon Crawl Stone Soup version 0.29-a0-1027-gcd8c55af63 (webtiles) character file.

Game seed: 3898742284740441749

1592 MisterAzrael the Magician (level 8, -4/41 HPs)
             Began as a Deep Elf Conjurer on Aug 5, 2022.
             Slain by Maggie
             ... wielding a +0 halberd of distortion
              (6 damage)
             ... on level 6 of the Dungeon on Aug 13, 2022.
             The game lasted 00:11:02 (7562 turns).

MisterAzrael the Magician (Deep Elf Conjurer)       Turns: 7562, Time: 00:11:03

Health: -4/41      AC:  3    Str:  4    XL:     8   Next: 61%
Magic:  5/21       EV: 12    Int: 26    God:
Gold:   377        SH:  0    Dex: 13    Spells: 15/22 levels left

rFire   + . .      SeeInvis +   (no weapon)
rCold   . . .      Faith    .   (no shield)
rNeg    . . .      Spirit   .   a - +0 robe
rPois   +          Reflect  .   s - +0 helmet {SInv}
rElec   .          Harm     .   (no cloak)
rCorr   .          Rampage  .   (no gloves)
Will    .....                   (no boots)
Stlth   ++........              (no amulet)
HPRegen 0.13/turn               h - ring of poison resistance
MPRegen 0.17/turn               k - ring of protection from fire

@: mesmerised
A: no striking features
a: no special abilities


You were on level 6 of the Dungeon.
You visited 1 branch of the dungeon, and saw 6 of its levels.

You collected 377 gold pieces.

Inventory:

Armour
 a - a +0 robe (worn)
 s - a +0 helmet of see invisible (worn)
Jewellery
 h - a ring of poison resistance (left hand)
 k - a ring of protection from fire (right hand)
 y - a ring of flight
 A - an amulet of regeneration
Scrolls
 c - 6 scrolls of identify {unknown}
 e - a scroll of enchant armour {unknown}
 g - 4 scrolls of magic mapping {unknown}
 j - 2 scrolls of enchant weapon {unknown}
 l - 2 scrolls of vulnerability {unknown}
 m - a scroll of blinking {unknown}
 n - 2 scrolls of fog {unknown}
 o - 2 scrolls of amnesia {unknown}
 p - 3 scrolls of teleportation {unknown}
 w - a scroll of silence {unknown}
 x - a scroll of poison {unknown}
 z - a scroll of fear {unknown}
Potions
 b - a potion of magic
 d - a potion of brilliance {unknown}
 q - 2 potions of berserk rage {unknown}
 r - a potion of heal wounds {unknown}
 t - a potion of cancellation {unknown}
 u - a potion of haste {unknown}
 v - 2 potions of lignification {unknown}


   Skills:
 - Level 2.9 Dodging
 - Level 3.0 Stealth
 + Level 7.6 Spellcasting
 + Level 7.4 Conjurations
 * Level 5.6 Summonings
 * Level 5.6 Ice Magic


You had 15 spell levels left.
You knew the following spells:

 Your Spells              Type           Power      Damage    Failure   Level
a - Magic Dart            Conj           100%       1d8       1%          1
b - Searing Ray           Conj           96%        2d7       1%          2
c - Summon Ice Beast      Ice/Summ       39%        N/A       6%          4

Your spell library contained the following spells:

 Spells                   Type           Power      Damage    Failure   Level
 Call Canine Familiar     Summ           39%        N/A       1%          3
 Frozen Ramparts          Ice            78%        1d12      1%          3
 Dazzling Flash           Conj/Hex       58%        N/A       3%          3
 Fulminant Prism          Conj/Hex       14%        3d9       13%         4
 Iskenderun's Mystic Bla  Conj/Tloc      29%        2d7       13%         4
 Portal Projectile        Hex/Tloc       18%        N/A       19%         3
 Ice Form                 Ice/Tmut       24%        N/A       19%         4
 Leda's Liquefaction      Hex/Erth       4%         N/A       52%         4


Dungeon Overview and Level Annotations

Branches:
Dungeon (6/15)
 Temple: D:4-7

Altars:
Ru
Wu Jian
The Shining One

Shops:
D:1 (

Annotations:
D:6 Maggie


Message History

Gang up on whom?
Press: ? - help, Dir - move target, f - Maggie
Aim: Maggie, wielding a +0 halberd of distortion and wearing +0 swamp dragon scales (ally target) Attack!
Maggie says, "Did Master Lance send you?"
Your ice beast hits Maggie.
Your ice beast freezes Maggie!
Your magical contamination has completely faded away.
Maggie mumbles some strange words.
Maggie attempts to bespell you!
You are mesmerised by Maggie!
Your ice beast closely misses Maggie.
Maggie mumbles some strange words.
Maggie draws you further into her thrall.
Your ice beast misses Maggie.
Your ice beast barely misses Maggie.
Casting: Searing Ray (safe; 1% risk of failure)
Confirm with . or Enter, or press ? or * to list all spells.
Aiming: Searing Ray (safe; 1% risk of failure)
Press: ? - help, Shift-Dir - straight line, f/p - Maggie
Aim: Maggie, wielding a +0 halberd of distortion and wearing +0 swamp dragon scales (moderately wounded, mesmerising, ally target, 85% to hit)
The searing ray hits Maggie!
Maggie is moderately wounded. (Press . to maintain the ray.) Maggie hits you from afar with a +0 halberd of distortion.
Space warps around you.
Your ice beast barely misses Maggie.
The searing ray hits Maggie but does no damage.
Maggie is moderately wounded.
Maggie hits you from afar with a +0 halberd of distortion!
Your ice beast hits Maggie but does no damage.
The searing ray hits Maggie!
Maggie is heavily wounded.
Maggie hits you but does no damage.
Your ice beast hits Maggie but does no damage.
The searing ray hits Maggie.
Maggie is heavily wounded.
You finish channelling your searing ray.
Maggie hits you from afar with a +0 halberd of distortion!
* * * LOW HITPOINT WARNING * * *
Space warps around you.
You die...

.## ##..##.
..##########.......
...........@.@..#
###.####....).Y..#
#.[###.........#
#..........)....
#####.......)...
##........>##
#............
#............
#..........


You could see Maggie (mesmerising, ally target) and a friendly ice beast
(summoned).

Vanquished Creatures
  A black bear (D:5)
  2 ogres (D:5)
  A kobold brigand (D:5)
  3 phantoms
  2 necrophages (D:5)
  A scorpion (D:5)
  2 hounds (D:5)
  A jelly (D:4)
  A gnoll bouda (D:6)
  3 orc priests (D:5)
  2 orc wizards
  4 iguanas
  5 gnolls
  6 adders
  A shadow imp (D:4)
  3 ufetubi
  2 worms
  5 dart slugs
  11 orcs
  3 bats
  7 endoplasms
  5 giant cockroaches
  12 goblins
  11 hobgoblins
  2 jackals (D:2)
  7 kobolds
  7 quokkas
  8 ball pythons
  3 frilled lizards (D:2)
  2 rats
123 creatures vanquished.

Vanquished Creatures (collateral kills)
  Prince Ribbit (D:6)
  A jelly (D:6)
  2 gnolls (D:6)
4 creatures vanquished.

Grand Total: 127 creatures vanquished

Notes
Turn   | Place    | Note
-------+----------+-------------------------------------------
     0 | D:1      | MisterAzrael the Deep Elf Conjurer began the quest for the
                  | Orb.
     0 | D:1      | Reached XP level 1. HP: 10/10 MP: 6/6
   199 | D:1      | Reached XP level 2. HP: 15/15 MP: 6/8
   231 | D:1      | Upgraded the game from 0.29-a0-997-gf6f7e2dfe7 to
                  | 0.29-a0-1027-gcd8c55af63
   452 | D:1      | Found Xym Fust's Antique Weapon Shoppe.
   748 | D:1      | Learned a level 2 spell: Searing Ray
   928 | D:1      | Found a faded altar of an unknown god.
  1188 | D:1      | Reached XP level 3. HP: 19/19 MP: 8/10
  1411 | D:2      | Found a sacrificial altar of Ru.
  1767 | D:2      | Reached skill level 5 in Conjurations
  2558 | D:3      | Reached XP level 4. HP: 24/24 MP: 6/12
  3165 | D:3      | Found an ornate altar of the Wu Jian Council.
  3498 | D:4      | Reached skill level 5 in Spellcasting
  3597 | D:4      | Learned a level 4 spell: Summon Ice Beast
  3655 | D:4      | Noticed a phantom
  3666 | D:4      | Killed a phantom
  3667 | D:4      | Reached skill level 1 in Summonings
  3667 | D:4      | Reached skill level 1 in Ice Magic
  3667 | D:4      | Reached XP level 5. HP: 28/28 MP: 5/14
  3783 | D:4      | Found a glowing golden altar of the Shining One.
  4084 | D:4      | Reached XP level 6. HP: 32/32 MP: 9/16
  4383 | D:5      | Entered Level 5 of the Dungeon
  4676 | D:5      | Reached XP level 7. HP: 21/36 MP: 6/18
  6222 | D:5      | Reached XP level 8. HP: 40/41 MP: 14/20
  6912 | D:6      | Noticed Prince Ribbit
  6939 | D:6      | Reached skill level 5 in Summonings
  6939 | D:6      | Reached skill level 5 in Ice Magic
  7361 | D:6      | Killed Prince Ribbit
  7551 | D:6      | Noticed Maggie
  7562 | D:6      | HP: 2/41 [Maggie/+0 halberd of distortion (15)]
  7562 | D:6      | Slain by Maggie

Illustrated notes

Levels and vault maps discovered:
D:1:      nicolae_arrival_somewhat_less_tricky_arrival, layout_basic,
          serial_shops, nicolae_shop_behind_doors,
          shapermc_ecumenical_altar_mp_highgroup
D:2:      layout_basic, basic_altar
D:3:      layout_basic, mainiacjoe_overflow_cross_hatched, roderic_lattice_a,
          minmay_goblin_kobold_house
D:4:      layout_basic, tso_metal_star
D:5:      corexii_shack_village, layout_loops_ring
D:6:      layout_rooms, portal_sewer_entry_f, uniq_sigmund, uniq_prince_ribbit1,
          uniq_maggie

Skill      XL: |  1  2  3  4  5  6  7  8 |
---------------+-------------------------+-----
Stealth        | 3 |  3.0
Spellcasting   | 4 5 6 7 |  7.6
Conjurations   | 5 6 7 |  7.4
Summonings     | 1 2 4 5 |  5.6
Ice Magic      | 1 2 4 5 |  5.6
Dodging        | |  2.9

Action                   |  1- 3 |  4- 6 |  7- 9 || total
-------------------------+-------+-------+-------++-------
 Cast: Magic Dart        |    79 |    92 |    58 ||   229
       Searing Ray       |     1 |    12 |    26 ||    39
       Summon Ice Beast  |       |       |     3 ||     3
  Use: Potion            |       |       |     6 ||     6
Armor: Robe              |       |     3 |     7 ||    10
Dodge: Dodged            |     8 |    12 |    35 ||    55

Table legend: (Time is in decaauts)
 A = Elapsed time spent in this place.
 B = Non-inter-level travel time spent in this place.
 C = Inter-level travel time spent in this place.
 D = Time resting spent in this place.
 E = Time spent auto-exploring this place.
 F = Levels seen in this place.
 G = Mean time per level.
                   A        B        C        D        E       F      G
               +--------+--------+--------+--------+--------+-----+--------+
         Total |   7565 |   7440 |    125 |   2088 |   4575 |   6 | 1260.8 |
       Dungeon |   7565 |   7440 |    125 |   2088 |   4575 |   6 | 1260.8 |
               +--------+--------+--------+--------+--------+-----+--------+

Top non-repeatable levels by time:
     D:5: 2786 daAuts
     D:1: 1231 daAuts
     D:2: 1120 daAuts
     D:4: 1026 daAuts
     D:3: 1004 daAuts
     D:6: 396 daAuts
